[ AOE2 MATCH · #506174292 ]
UnrankedAztecs vs Spanish
Player's team · WIN
Rival team · LOSS
[ REPLAY ANALYSIS · EXTRACTED FROM THE RECORDED GAME ]
Feudal
12:36
Castle
16:32
Imperial
40:37
| APM avg | 41.6 |
| APM peak | 76 |
| eAPM avg | 27.5 |
| Villagers / military | 236 / 1305 |
Focus
⚔️ 48.2% · 🌾 51.8%
Spearman ×627 · Skirmisher ×423 · Eagle Scout ×167 · Monk ×45 · Mangonel ×20 · Trebuchet (Packed) ×16
Feudal
10:34
Castle
25:43
Imperial
39:10
| APM avg | 39.3 |
| APM peak | 78 |
| eAPM avg | 25.4 |
| Villagers / military | 214 / 1193 |
Focus
⚔️ 44.9% · 🌾 55.1%
Scout Cavalry ×645 · Skirmisher ×325 · Hand Cannoneer ×135 · Bombard Cannon ×41 · Battering Ram ×16 · Knight ×12
Match map
Initial resources + every placement click. Lines = walls · curves = elevation contours. ◆ gold · ⬟ stone · ● berries · ✦ relic · ◌ wall gap
Your base· ✓ Closed at 16:32 · 26t walls · 1 gate(s)
Plox's base· ✓ Closed at 25:43 · 21t walls · no gate
Smoothed initial terrain · ◌ = detected wall gap · hover for details
Inputs per minute
— [Beagle] Rik - - Plox
Build order — [Beagle] Rik
First 150 of 896 actions detected
| 0:00 | Queue | Villager (Male) |
| 0:02 | Build | House |
| 0:02 | Build | House |
| 0:19 | Queue | Villager (Male) |
| 0:19 | Queue | Villager (Male) |
| 0:27 | Queue | Villager (Male) |
| 1:16 | Queue | Villager (Male) |
| 1:28 | Research | Loom |
| 1:59 | Queue | Villager (Male) |
| 2:42 | Build | Palisade Gate |
| 2:48 | Queue | Villager (Male) |
| 2:49 | Build | House |
| 2:59 | Queue | Villager (Male) |
| 3:16 | Build | House |
| 3:18 | Build | House |
| 3:20 | Build | Palisade Wall |
| 3:21 | Build | Palisade Wall |
| 3:22 | Queue | Villager (Male) |
| 3:44 | Queue | Villager (Male) |
| 4:07 | Queue | Villager (Male) |
| 4:35 | Queue | Villager (Male) |
| 4:44 | Build | Lumber Camp |
| 5:03 | Queue | Villager (Male) |
| 5:36 | Queue | Villager (Male) |
| 5:48 | Build | House |
| 6:15 | Queue | Villager (Male) |
| 6:19 | Queue | Villager (Male) |
| 6:32 | Queue | Villager (Male) |
| 6:40 | Queue | Villager (Male) |
| 6:50 | Queue | Villager (Male) |
| 7:08 | Queue | Villager (Male) |
| 7:10 | Build | Mill |
| 8:06 | Queue | Villager (Male) |
| 8:20 | Queue | Villager (Male) |
| 8:23 | Build | Palisade Wall |
| 8:28 | Queue | Villager (Male) |
| 8:33 | Build | Palisade Wall |
| 8:38 | Queue | Villager (Male) |
| 8:39 | Build | Palisade Wall |
| 8:43 | Build | House |
| 8:50 | Queue | Villager (Male) |
| 8:57 | Build | Palisade Wall |
| 9:02 | Queue | Villager (Male) |
| 9:12 | Queue | Villager (Male) |
| 10:06 | Research | Feudal Age |
| 10:15 | Build | Mining Camp |
| 11:01 | Build | House |
| 11:02 | Build | House |
| 11:03 | Build | House |
| 11:07 | Build | House |
| 11:24 | Build | Palisade Wall |
| 11:27 | Build | Palisade Wall |
| 11:29 | Build | Palisade Wall |
| 11:32 | Queue | Villager (Male) |
| 11:56 | Build | House |
| 12:00 | Build | Palisade Wall |
| 12:05 | Queue | Villager (Male) |
| 12:19 | Queue | Villager (Male) |
| 12:35 | Queue | Villager (Male) |
| 12:36 | Age | Feudal Age |
| 12:39 | Build | Market |
| 12:41 | Build | Blacksmith |
| 12:54 | Build | House |
| 12:58 | Build | House |
| 12:58 | Queue | Villager (Male) |
| 13:03 | Queue | Villager (Male) |
| 13:16 | Queue | Villager (Male) |
| 13:52 | Research | Castle Age |
| 13:59 | Build | Mining Camp |
| 14:00 | Queue | Villager (Male) |
| 14:17 | Queue | Villager (Male) |
| 14:18 | Build | House |
| 14:28 | Build | House |
| 14:43 | Queue | Villager (Male) |
| 14:49 | Queue | Villager (Male) |
| 14:52 | Build | House |
| 14:53 | Build | House |
| 14:55 | Build | House |
| 14:56 | Build | House |
| 14:58 | Build | House |
| 15:42 | Build | Stone Wall |
| 15:45 | Build | Stone Wall |
| 15:58 | Build | Stone Wall |
| 16:01 | Build | Stone Wall |
| 16:25 | Research | Fletching |
| 16:32 | Age | Castle Age |
| 16:48 | Build | Town Center |
| 17:05 | Build | Lumber Camp |
| 17:34 | Queue | Villager (Male) |
| 17:39 | Queue | Villager (Male) |
| 18:30 | Build | Palisade Gate |
| 18:33 | Build | House |
| 18:47 | Queue | Villager (Male) |
| 18:51 | Build | Palisade Wall |
| 18:52 | Build | Palisade Wall |
| 18:55 | Build | Monastery |
| 18:57 | Queue | Villager (Male) |
| 19:07 | Queue | Villager (Male) |
| 19:07 | Queue | Villager (Male) |
| 19:12 | Build | House |
| 19:15 | Queue | Villager (Male) |
| 19:24 | Build | Palisade Gate |
| 19:36 | Queue | Monk |
| 19:37 | Queue | Villager (Male) |
| 19:49 | Queue | Villager (Male) |
| 19:53 | Build | House |
| 19:58 | Build | House |
| 19:58 | Queue | Villager (Male) |
| 20:27 | Queue | Villager (Male) |
| 20:31 | Queue | Villager (Male) |
| 20:41 | Build | Gate |
| 20:46 | Build | Gate |
| 20:51 | Build | Gate |
| 21:02 | Queue | Villager (Male) |
| 21:15 | Queue | Villager (Male) |
| 21:32 | Queue | Monk |
| 21:35 | Queue | Monk |
| 22:06 | Build | Lumber Camp |
| 22:19 | Build | Stone Wall |
| 22:19 | Build | Stone Wall |
| 22:22 | Build | Stone Wall |
| 22:34 | Queue | Villager (Male) |
| 22:34 | Queue | Villager (Male) |
| 22:56 | Queue | Monk |
| 23:37 | Queue | Villager (Male) |
| 23:46 | Build | Farm |
| 23:47 | Build | Farm |
| 23:48 | Build | Farm |
| 24:15 | Queue | Villager (Male) |
| 24:35 | Build | Farm |
| 24:37 | Build | Farm |
| 24:43 | Build | Lumber Camp |
| 24:45 | Queue | Monk |
| 25:26 | Build | Mill |
| 25:27 | Queue | Villager (Male) |
| 25:34 | Queue | Villager (Male) |
| 25:39 | Queue | Villager (Male) |
| 25:47 | Queue | Villager (Male) |
| 26:03 | Queue | Monk |
| 26:13 | Build | Town Center |
| 26:15 | Build | Town Center |
| 26:16 | Queue | Villager (Male) |
| 26:30 | Build | Farm |
| 26:41 | Queue | Villager (Male) |
| 26:45 | Queue | Villager (Male) |
| 26:59 | Build | Mining Camp |
| 27:00 | Queue | Villager (Male) |
| 27:19 | Research | Sanctity |
| 27:20 | Queue | Villager (Male) |
| 27:24 | Queue | Villager (Male) |
Build order — Plox
First 150 of 904 actions detected
| 0:01 | Queue | Villager (Male) |
| 0:01 | Queue | Villager (Male) |
| 0:02 | Queue | Villager (Male) |
| 0:02 | Queue | Villager (Male) |
| 0:04 | Build | House |
| 0:06 | Build | House |
| 1:12 | Research | Loom |
| 1:16 | Queue | Villager (Male) |
| 1:16 | Queue | Villager (Male) |
| 1:25 | Queue | Villager (Male) |
| 2:00 | Build | Palisade Wall |
| 2:39 | Queue | Villager (Male) |
| 2:39 | Queue | Villager (Male) |
| 3:24 | Queue | Villager (Male) |
| 3:24 | Queue | Villager (Male) |
| 3:24 | Queue | Villager (Male) |
| 3:26 | Build | Lumber Camp |
| 3:46 | Queue | Villager (Male) |
| 3:46 | Queue | Villager (Male) |
| 4:27 | Build | Palisade Wall |
| 4:29 | Build | Palisade Wall |
| 4:31 | Queue | Villager (Male) |
| 4:32 | Queue | Villager (Male) |
| 4:55 | Build | House |
| 5:04 | Queue | Villager (Male) |
| 5:04 | Queue | Villager (Male) |
| 5:05 | Queue | Villager (Male) |
| 5:05 | Queue | Villager (Male) |
| 5:14 | Build | Palisade Wall |
| 5:17 | Build | Palisade Wall |
| 5:47 | Queue | Villager (Male) |
| 5:47 | Queue | Villager (Male) |
| 5:47 | Queue | Villager (Male) |
| 5:56 | Build | Outpost |
| 6:19 | Queue | Villager (Male) |
| 6:19 | Queue | Villager (Male) |
| 6:29 | Build | House |
| 6:45 | Build | Mill |
| 8:24 | Research | Feudal Age |
| 8:24 | Research | Feudal Age |
| 8:36 | Build | Mining Camp |
| 8:53 | Build | Barracks |
| 9:24 | Queue | Militia |
| 9:25 | Queue | Militia |
| 9:25 | Queue | Militia |
| 10:09 | Build | Mining Camp |
| 10:29 | Build | House |
| 10:34 | Age | Feudal Age |
| 10:37 | Research | Town Watch |
| 10:44 | Build | Watch Tower |
| 11:00 | Queue | Villager (Male) |
| 11:07 | Research | Man-at-Arms (upgrade) |
| 11:07 | Research | Man-at-Arms (upgrade) |
| 11:11 | Queue | Villager (Male) |
| 11:11 | Queue | Villager (Male) |
| 11:41 | Build | House |
| 12:15 | Queue | Villager (Male) |
| 12:15 | Queue | Villager (Male) |
| 12:15 | Queue | Villager (Male) |
| 12:15 | Queue | Villager (Male) |
| 12:15 | Queue | Villager (Male) |
| 12:16 | Queue | Villager (Male) |
| 12:16 | Queue | Villager (Male) |
| 12:16 | Queue | Villager (Male) |
| 12:25 | Build | Watch Tower |
| 12:52 | Queue | Militia |
| 12:52 | Queue | Militia |
| 13:18 | Research | Double-Bit Axe |
| 13:18 | Research | Double-Bit Axe |
| 13:18 | Queue | Villager (Male) |
| 13:45 | Build | House |
| 13:47 | Queue | Villager (Male) |
| 13:54 | Build | Watch Tower |
| 14:38 | Queue | Villager (Male) |
| 14:56 | Build | Blacksmith |
| 15:04 | Queue | Villager (Male) |
| 15:04 | Queue | Villager (Male) |
| 15:28 | Build | Watch Tower |
| 15:34 | Build | Watch Tower |
| 15:59 | Research | Fletching |
| 15:59 | Research | Fletching |
| 16:01 | Queue | Villager (Male) |
| 16:03 | Build | House |
| 16:40 | Build | Watch Tower |
| 16:47 | Queue | Villager (Male) |
| 16:54 | Build | Mill |
| 17:07 | Queue | Villager (Male) |
| 17:10 | Research | Horse Collar |
| 17:10 | Research | Horse Collar |
| 17:14 | Build | Farm |
| 17:14 | Build | Farm |
| 17:35 | Queue | Villager (Male) |
| 17:39 | Build | Farm |
| 17:39 | Build | Farm |
| 18:37 | Build | Watch Tower |
| 18:42 | Queue | Militia |
| 18:42 | Queue | Militia |
| 18:47 | Build | Farm |
| 18:48 | Build | House |
| 19:06 | Queue | Villager (Male) |
| 19:19 | Build | Market |
| 19:33 | Build | House |
| 19:48 | Build | Watch Tower |
| 20:09 | Queue | Villager (Male) |
| 20:10 | Queue | Villager (Male) |
| 20:14 | Build | Lumber Camp |
| 21:25 | Queue | Villager (Male) |
| 21:35 | Queue | Villager (Male) |
| 22:08 | Build | Lumber Camp |
| 22:24 | Build | Palisade Gate |
| 22:27 | Build | Palisade Wall |
| 22:29 | Build | House |
| 22:44 | Build | Watch Tower |
| 23:03 | Research | Castle Age |
| 23:03 | Research | Castle Age |
| 23:03 | Research | Castle Age |
| 23:22 | Research | Gold Mining |
| 23:22 | Research | Gold Mining |
| 23:39 | Build | Stable |
| 24:05 | Build | Farm |
| 24:05 | Build | Farm |
| 24:05 | Build | Farm |
| 24:06 | Build | Farm |
| 24:06 | Build | Farm |
| 24:06 | Build | Farm |
| 24:07 | Build | Farm |
| 24:36 | Build | Lumber Camp |
| 24:48 | Build | Stable |
| 24:59 | Research | Bloodlines |
| 25:14 | Build | Lumber Camp |
| 25:23 | Queue | Villager (Male) |
| 25:24 | Queue | Villager (Male) |
| 25:29 | Build | Farm |
| 25:29 | Build | Farm |
| 25:36 | Build | Farm |
| 25:37 | Build | Farm |
| 25:37 | Build | Farm |
| 25:43 | Age | Castle Age |
| 25:46 | Queue | Scout Cavalry |
| 25:47 | Queue | Scout Cavalry |
| 25:47 | Queue | Scout Cavalry |
| 25:51 | Research | Light Cavalry (upgrade) |
| 26:18 | Build | Castle |
| 26:34 | Queue | Scout Cavalry |
| 26:34 | Queue | Scout Cavalry |
| 26:38 | Queue | Villager (Male) |
| 26:40 | Build | Farm |
| 26:56 | Build | Town Center |
| 26:58 | Queue | Villager (Male) |
| 27:19 | Queue | Scout Cavalry |
Match timeline
| 2:00 | Plox · wall_segment Palisade Wall x6 |
| 3:20 | [Beagle] Rik · wall_segment Palisade Wall x1 |
| 3:21 | [Beagle] Rik · wall_segment Palisade Wall x1 |
| 4:27 | Plox · wall_segment Palisade Wall x2 |
| 4:29 | Plox · wall_segment Palisade Wall x2 |
| 5:14 | Plox · wall_segment Palisade Wall x1 |
| 5:17 | Plox · wall_segment Palisade Wall x4 |
| 8:23 | [Beagle] Rik · wall_segment Palisade Wall x1 |
| 8:33 | [Beagle] Rik · wall_segment Palisade Wall x1 |
| 8:39 | [Beagle] Rik · wall_segment Palisade Wall x2 |
| 8:53 | Plox · first_building Barracks |
| 8:57 | [Beagle] Rik · wall_segment Palisade Wall x1 |
| 10:34 | Plox · age_up feudal |
| 11:24 | [Beagle] Rik · wall_segment Palisade Wall x1 |
| 11:27 | [Beagle] Rik · wall_segment Palisade Wall x1 |
| 11:29 | [Beagle] Rik · wall_segment Palisade Wall x1 |
| 12:00 | [Beagle] Rik · wall_segment Palisade Wall x1 |
| 12:36 | [Beagle] Rik · age_up feudal |
| 15:42 | [Beagle] Rik · wall_segment Stone Wall x4 |
| 15:45 | [Beagle] Rik · wall_segment Stone Wall x6 |
| 15:58 | [Beagle] Rik · wall_segment Stone Wall x4 |
| 16:01 | [Beagle] Rik · wall_segment Stone Wall x1 |
| 16:32 | [Beagle] Rik · age_up castle |
| 16:38 | [Beagle] Rik · first_market_buy 100 wood |
| 17:33 | [Beagle] Rik · first_market_sell 100 stone |
| 18:51 | [Beagle] Rik · wall_segment Palisade Wall x1 |
| 18:52 | [Beagle] Rik · wall_segment Palisade Wall x1 |
| 18:55 | [Beagle] Rik · first_building Monastery |
| 21:54 | Plox · first_market_buy 100 food |
| 22:19 | [Beagle] Rik · wall_segment Stone Wall x1 |
| 22:19 | [Beagle] Rik · wall_segment Stone Wall x1 |
| 22:22 | [Beagle] Rik · wall_segment Stone Wall x5 |
| 22:27 | Plox · wall_segment Palisade Wall x6 |
| 23:39 | Plox · first_building Stable |
| 25:43 | Plox · age_up castle |
| 26:18 | Plox · first_building Castle |
| 28:42 | Plox · first_building Siege Workshop |
| 31:44 | [Beagle] Rik · first_building Castle |
| 34:21 | [Beagle] Rik · first_building Siege Workshop |
| 35:50 | Plox · first_market_sell 100 wood |
| 39:10 | Plox · age_up imperial |
| 39:53 | [Beagle] Rik · first_building Barracks |
| 40:37 | [Beagle] Rik · age_up imperial |
| 42:46 | [Beagle] Rik · wall_segment Palisade Wall x1 |
| 45:27 | Plox · wall_segment Stone Wall x14 |
| 46:05 | Plox · first_building Monastery |
| 48:50 | Plox · first_building Archery Range |
| 54:50 | [Beagle] Rik · first_building Archery Range |
| 55:04 | Plox · wall_segment Stone Wall x7 |
| 58:36 | Plox · wall_segment Stone Wall x14 |
| 63:24 | Plox · wall_segment Stone Wall x4 |
| 70:36 | Plox · wall_segment Stone Wall x13 |
| 75:07 | Plox · wall_segment Stone Wall x8 |
| 86:47 | [Beagle] Rik · wall_segment Palisade Wall x8 |
| 96:19 | Plox · resign |
[ AI ANALYSIS · 1 CREDIT ]
What really happened in this match?
Wolo.gg analyzes every decision: build order, eco, micro, common mistakes by bracket. Personalized analysis on WhatsApp or Discord in 30 seconds.
Civ guide
Aztecs
Perfil
Jugador #4904874